AoeStats
← EMPEROR98265292

Black Forest

508054830Analyzed
2v2 RM · 13d ago on Sep 20, 2026· 38m 27s· 4 players
Game mode
Random Map
Map size
Medium (4 player)
Population
200
Speed
Normal
Resources
Standard
Victory
Conquest
Starting age
Dark Age
Ending age
Imperial Age
RankedLock teamsTeams togetherTeam positionsShared explorationLock speedFull tech treeHidden civsTurbo modeCheats
Victory
Defeat
🇮🇳 Burgundians · India
1497
+11
🇮🇳 Mongols · India
1438
+13
🇮🇹 Malians · Italy
1422
-13
🇮🇹 Saracens · Italy
1350
-11
Bider
1:01 Loom
12:56 Feudal Age
17:23 Castle Age
16:40 Double-Bit Axe
16:47 Horse Collar
18:45 Town Watch
19:25 Bow Saw
21:46 Fletching
29:02 Imperial Age
27:19 Gold Mining
27:29 Arson
28:35 Forging
29:28 Squires
31:27 Wheelbarrow
32:11 Iron Casting
31:41 Scale Mail Armor
34:03 Chain Mail Armor
38:16 Plate Mail Armor
37:53 Scale Barding Armor
ZIOMICHELE
1:24 Loom
12:36 Feudal Age
16:23 Castle Age
14:53 Double-Bit Axe
17:26 Bow Saw
18:07 Horse Collar
19:57 Fletching
21:14 Gold Mining
25:00 Wheelbarrow
30:36 Imperial Age
28:21 Bodkin Arrow
28:17 Crossbowman
29:14 Padded Archer Armor
29:40 Ballistics
30:10 Gold Shaft Mining
31:08 Leather Archer Armor
31:02 Thumb Ring
30:54 Arbalester
32:35 Bracer
34:25 Chemistry
EMPEROR98265292
0:53 Loom
9:01 Double-Bit Axe
13:17 Feudal Age
13:43 Fishing Lines
18:29 Castle Age
17:27 Gillnets
17:52 Bow Saw
20:17 Stone Mining
20:50 Fletching
26:12 Wheelbarrow
30:19 Imperial Age
29:24 Two-Man Saw
28:51 Padded Archer Armor
29:53 Bodkin Arrow
30:35 Masonry
31:19 Leather Archer Armor
32:08 Chemistry
AP
0:43 Loom
11:39 Feudal Age
16:57 Castle Age
15:02 Double-Bit Axe
16:00 Horse Collar
17:28 Fishing Lines
19:36 Bow Saw
31:04 Imperial Age
29:15 Wheelbarrow
29:34 Fletching
30:24 Thumb Ring
31:10 Bloodlines
31:01 Husbandry
32:46 Drill
31:53 Onager
33:02 Padded Archer Armor
33:43 Ballistics
33:35 Bodkin Arrow
34:46 Hand Cart
36:34 Siege Onager
39:12 Hoardings
Connection lost

Rejoining the realm…

Still unreachable

The connection could not be restored.

Session expired

The server has moved on; the page needs a fresh start.